 Dungeon Crawl Stone Soup version 0.28-a0-662-g1651b1f1e0 (webtiles) character file.

Game seed: 3375676787626740926

30 kae the Skirmisher (level 3, 0/29 HPs)
             Began as a Demonspawn Abyssal Knight on Oct 14, 2021.
             Was an Initiate of Lugonu.
             Slain by an adder (1 damage)
             ... on level 1 of the Dungeon.
             The game lasted 00:01:23 (1032 turns).

kae the Skirmisher (Demonspawn Abyssal Knight)      Turns: 1032, Time: 00:01:24

Health: 0/29       AC:  5    Str: 14    XL:     3   Next: 5%
Magic:  5/5        EV:  9    Int: 11    God:    Lugonu [......]
Gold:   32         SH:  3    Dex: 13    Spells: 2/2 levels left

rFire   . . .      SeeInvis .   a - +1 mace
rCold   . . .      Faith    .   h - +0 buckler
rNeg    . . .      Spirit   .   d - +0 ring mail
rPois   .          Reflect  .   (no helmet)
rElec   .          Harm     .   (no cloak)
rCorr   .          Rampage  .   (no gloves)
Will    .....                   (no boots)
Stlth   +.........              (no amulet)
HPRegen 0.09/turn               (no ring)
MPRegen 0.09/turn               (no ring)

@: no status effects
A: demonic guardian 1
a: Renounce Religion


You were on level 1 of the Dungeon.
You worshipped Lugonu.
Lugonu was noncommittal.
You visited 1 branch of the dungeon, and saw 2 of its levels.
You visited the Abyss 1 time.

You collected 42 gold pieces.
You spent 10 gold pieces at shops.

Inventory:

Hand Weapons
 a - a +1 mace (weapon)
Armour
 b - a +0 leather armour
 d - a +0 ring mail (worn)
 h - a +0 buckler (worn)
Potions
 e - a potion of degeneration
 f - a potion of berserk rage {unknown}


   Skills:
 + Level 3.2 Fighting
 * Level 2.3 Maces & Flails
 - Level 2.0 Armour
 - Level 1.0 Dodging
 + Level 0.4 Shields
 + Level 2.9 Invocations


You had 2 spell levels left.
You didn't know any spells.
Your spell library was empty.

Dungeon Overview and Level Annotations

Branches:
Dungeon (2/15)

Altars:

Shops:
D:1 *


Innate Abilities, Weirdness & Mutations

A weak demonic guardian rushes to your aid.


Message History

Lugonu accepts your kill. The quokka closely misses you. x2
You have reached level 3!
Your experience leads to an increase in your attributes!
Increase (S)trength, (I)ntelligence, or (D)exterity?
You feel stronger.
You closely miss the quokka.
The quokka is almost dead.
The quokka barely misses you.
The adder bites your ufetubus but does no damage.
You hit the quokka.
You kill the quokka!
Lugonu accepts your kill.
Your ufetubus misses the adder. Your ufetubus hits the adder.
The adder bites your ufetubus.
Your ufetubus closely misses the adder.
Your ufetubus misses the adder. The adder barely misses your ufetubus.
Your ufetubus disappears in a puff of smoke!
You see here a quokka corpse.
The adder bites you.
* * * LOW HITPOINT WARNING * * *
The adder completely misses you.
You miss the adder.
The adder is moderately wounded.
The adder bites you.
* * * LOW HITPOINT WARNING * * *
A demonic guardian appears!
The adder bites you.
* * * LOW HITPOINT WARNING * * *
Your shadow imp hits the adder.
Your shadow imp hits the adder.
There is a stone staircase leading up here.
The adder closely misses you.
The hobgoblin hits your shadow imp but does no damage.
Your shadow imp hits the adder.
You climb upwards.
There is a stone staircase leading down here.
You closely miss the adder.
The adder is almost dead.
The adder bites you.
You die...

#...# #.##...# ##.#.#
#.##...# ..##'##
##'##...# ###...#
#...#...###### ..#...#
#...#........# ..#...#
#...#....###.### ..#...#
#...#..........# ..#...#
#...#...S......# ..#...#
#...#...@......# ..#...#
#...#..........# ###...#
#...#..........# #...#
#...#..........# #...#
#...#..........# #...#
#...#..........# ###...#
#...#..........#
..#...###...#..........#
###....#....#..........#


You could see an adder.

Vanquished Creatures
  A gnoll (D:2)
  A ball python (D:1)
  5 hobgoblins (D:1)
  A kobold (D:1)
  A quokka (D:2)
  A goblin (D:1)
10 creatures vanquished.

Vanquished Creatures (collateral kills)
  A gnoll (D:2)
1 creature vanquished.

Grand Total: 11 creatures vanquished

Notes
Turn   | Place    | Note
-------+----------+-------------------------------------------
     0 | Abyss:1  | kae the Demonspawn Abyssal Knight began the quest for the
                  | Orb.
     0 | Abyss:1  | Reached XP level 1. HP: 18/18 MP: 2/2
    18 | Abyss:1  | Found a corrupted altar of Lugonu.
    52 | Abyss:1  | Noticed a quasit
    53 | D:1      | Escaped the Abyss
   130 | D:1      | Found a faded altar of an unknown god.
   256 | D:1      | Reached skill level 1 in Dodging
   340 | D:1      | Found Kusel's General Store.
   347 | D:1      | Bought a potion of degeneration for 10 gold pieces
   531 | D:1      | Gained mutation: A weak demonic guardian rushes to your
                  | aid. [demonic ancestry]
   531 | D:1      | Reached XP level 2. HP: 24/24 MP: 3/3
  1016 | D:2      | Reached XP level 3. HP: 11/29 MP: 5/5
  1028 | D:2      | HP: 1/29 [adder (4)]
  1032 | D:1      | Slain by an adder

Illustrated notes

Levels and vault maps discovered:
D:1:      dpeg_arrival_concentric_ovals, layout_basic,
          dreamdust_ecumenical_altar_statues, serial_shops, shop, nrook_uturn,
          serial_bayou_pond_c, columned_hall_lemuel
D:2:      layout_basic, minmay_fountain_box, minmay_bisected, uniq_robin,
          uniq_jessica

Skill      XL: |  1  2 |
---------------+-------+-----
Dodging        | 1 |  1.0
Maces & Flails | 2 |  2.3
Armour         | 2 |  2.0
Fighting       | |  3.2
Shields        | |  0.4
Invocations    | |  2.9

Action                   || total
-------------------------++-------
Melee: Mace              ||    34
Invok: Depart the Abyss  ||     1
  Use: Scroll            ||     2
Armor: Leather armour    ||     3
       Ring mail         ||     7
Dodge: Dodged            ||    17

Table legend: (Time is in decaauts)
 A = Elapsed time spent in this place.
 B = Non-inter-level travel time spent in this place.
 C = Inter-level travel time spent in this place.
 D = Time resting spent in this place.
 E = Time spent auto-exploring this place.
 F = Levels seen in this place.
 G = Mean time per level.
                   A        B        C        D        E       F      G
               +--------+--------+--------+--------+--------+-----+--------+
         Total |   1055 |    993 |     62 |      0 |    872 |   3 |  351.7 |
       Dungeon |    997 |    935 |     62 |      0 |    815 |   2 |  498.5 |
         Abyss |     57 |     57 |      0 |      0 |     56 |   1 |   57.0 |
               +--------+--------+--------+--------+--------+-----+--------+

Top non-repeatable levels by time:
     D:1: 935 daAuts
     D:2: 61 daAuts
 Abyss:1: 57 daAuts
